 Dungeon Crawl Stone Soup version 0.28.0 (webtiles) character file.

Game seed: 2008033715415482860

50 Hasart the Insei (level 3, -8/23 HPs)
             Began as an Octopode Transmuter on Feb 15, 2022.
             Mangled by an iguana (11 damage)
             ... on level 2 of the Dungeon.
             The game lasted 00:02:54 (1858 turns).

Hasart the Insei (Octopode Transmuter)              Turns: 1858, Time: 00:02:55

Health: -8/23      AC:  1    Str:  9    XL:     3   Next: 79%
Magic:  6/6        EV: 13    Int: 17    God:
Gold:   66         SH:  0    Dex: 12    Spells: 0/6 levels left

rFire   . . .      SeeInvis .     - Unarmed
rCold   . . .      Faith    .   (no shield)
rNeg    . . .      Spirit   .   (helmet restricted)
rPois   .          Reflect  .   (no amulet)
rElec   .          Harm     .   (no ring)
rCorr   .          Rampage  .   (no ring)
Will    .....                   (no ring)
Stlth   ++........              (no ring)
HPRegen 0.07/turn               (no ring)
MPRegen 0.10/turn               (no ring)
                                (no ring)
                                (no ring)

@: no status effects
A: almost no armour, amphibious, 8 rings, camouflage 1, gelatinous body 1,
(nimble swimmer 1), tentacles
a: no special abilities


You were on level 2 of the Dungeon.
You visited 1 branch of the dungeon, and saw 2 of its levels.

You collected 66 gold pieces.

Inventory:

Scrolls
 c - a scroll of brand weapon {unknown}
 d - a scroll of magic mapping {unknown}
 e - a scroll of blinking {unknown}
 f - a scroll of teleportation {unknown}
 h - a scroll of identify {unknown}
 j - a scroll of enchant weapon {unknown}
 k - a scroll of fog {unknown}
Potions
 a - a potion of degeneration {unknown}
 b - a potion of heal wounds {unknown}
 g - a potion of brilliance {unknown}
 i - a potion of curing {unknown}


   Skills:
 + Level 1.5 Fighting
 + Level 2.3 Dodging
 * Level 3.5 Unarmed Combat
 + Level 2.2 Spellcasting
 + Level 2.4 Transmutations
 + Level 0.6 Poison Magic


You couldn't memorise any spells.
You knew the following spells:

 Your Spells              Type           Power      Damage    Failure   Level
a - Beastly Appendage     Tmut           20%        N/A       7%          1
b - Wereblood             Tmut           10%        N/A       11%         2
c - Spider Form           Tmut/Pois      7%         N/A       30%         3

Your spell library contained the following spells:

 Spells                   Type           Power      Damage    Failure   Level
 Ice Form                 Ice/Tmut       6%         N/A       75%         4


Dungeon Overview and Level Annotations

Branches:
Dungeon (2/15)

Altars:


Innate Abilities, Weirdness & Mutations

You cannot wear most types of armour.
You are amphibious.
You can wear up to eight rings at the same time.
Your skin changes colour to match your surroundings (Stealth+).
Your rubbery body absorbs attacks. (AC +1, EV +1)
((You are camouflaged when in or above water. (Stealth+)))
You have tentacles for arms and can constrict up to eight enemies at once.


Message History

No target in view!
No target in view!
No target in view!
No target in view!
No target in view!
No target in view!
An iguana comes into view.
An iguana is nearby!
An iguana is nearby!
The iguana hisses angrily.
You barely miss the iguana. You grab the iguana. You squeeze the iguana.
The iguana is moderately wounded.
You constrict the iguana, but do no damage.
The iguana bites you.
You tentacle-slap the iguana but do no damage.
The iguana is moderately wounded.
You constrict the iguana, but do no damage.
The iguana barely misses you.
You tentacle-slap the iguana.
The iguana is heavily wounded.
You constrict the iguana. The iguana bites you!
You tentacle-slap the iguana but do no damage.
The iguana is heavily wounded.
You constrict the iguana. The iguana bites you!
* * * LOW HITPOINT WARNING * * *
You are too injured to fight recklessly!
You are too injured to fight recklessly!
You are too injured to fight recklessly!
You are too injured to fight recklessly!
You are too injured to fight recklessly!
You are too injured to fight recklessly!
You are too injured to fight recklessly!
You are too injured to fight recklessly!
You are too injured to fight recklessly!
You are too injured to fight recklessly!
You are too injured to fight recklessly!
You tentacle-slap the iguana but do no damage.
The iguana is severely wounded.
You constrict the iguana. The iguana bites you!
You die...

#.............##.# #.#
#.. ####'###########.#
#.#.#.# #.. #.# #.#
#.#.#.# #.. #.# #.#
#.#.#.# #.. #.# #.#
#.#.#.# #.. #.# #.#
#.#.#.# ##. #.# #.#
#.#.#.# #.† #.########
#.# #.#.#.# #..
#........#
##@####..†..# #..
########.#
#.l.....#.### #.. #.#
#[.####.#.# #.. #.#
...# #.#.# #.. #.#.##.#
#.#.########. #.#. ...
#.#..........
#.#########.###########
#...........#
#############


You could see an iguana.

Vanquished Creatures
  2 worms (D:2)
  3 dart slugs (D:2)
  6 ball pythons
  5 endoplasms
  2 giant cockroaches
  3 goblins (D:1)
  2 hobgoblins
  A quokka (D:2)
  6 bats
  3 kobolds
  2 rats
35 creatures vanquished.

Notes
Turn   | Place    | Note
-------+----------+-------------------------------------------
     0 | D:1      | Hasart the Octopode Transmuter began the quest for the Orb.
     0 | D:1      | Reached XP level 1. HP: 13/13 MP: 3/3
   102 | D:1      | Found a faded altar of an unknown god.
   434 | D:1      | Reached XP level 2. HP: 18/18 MP: 5/5
   437 | D:1      | Learned a level 2 spell: Wereblood
  1163 | D:2      | Reached XP level 3. HP: 14/23 MP: 6/6
  1167 | D:2      | Learned a level 3 spell: Spider Form
  1858 | D:2      | Mangled by an iguana

Illustrated notes

Levels and vault maps discovered:
D:1:      lemuel_arrival_funnel, layout_loops_cross, basic_ecumenical_altar
D:2:      layout_basic, st_stairs_13

Action                   || total
-------------------------++-------
Melee: Unarmed           ||    84
       Constrict         ||    23
       Tentacles         ||    19
       Punch             ||     3
 Stab: Sleeping          ||     9
Armor: Skin              ||    14
Dodge: Dodged            ||    48
